 Dungeon Crawl Stone Soup version 0.26-b1-32-g5d43845318 (webtiles) character file.

Game seed: 4470862176104548727

19483 Yorgos the Blocker (level 13, -4/106 HPs)
             Began as a Formicid Fighter on Jan 11, 2021.
             Was the Champion of Cheibriados.
             Killed from afar by an ice dragon (glowing shapeshifter) (13 damage)
             ... with a blast of cold
             ... on level 12 of the Dungeon.
             The game lasted 00:27:58 (13021 turns).

Yorgos the Blocker (Formicid Fighter)              Turns: 13021, Time: 00:27:59

Health: -4/106     AC: 18    Str: 42    XL:     13   Next: 5%
Magic:  25/25      EV:  9    Int: 22    God:    Cheibriados [******]
Gold:   534        SH: 21    Dex: 25    Spells: 12/12 levels left

rFire    + . .     SeeInvis +   K - +1 war axe (venom)
rCold    + . .     Faith    .   c - +0 kite shield
rNeg     . . .     Spirit   .   v - +1 plate armour {Will+}
rPois    .         Reflect  +   (helmet unavailable)
rElec    .         Harm     .   h - scarf {rC+ rF+}
rCorr    .         Rampage  .   (no gloves)
Will     ++...                  y - +1 pair of boots
Stlth    ..........             u - amulet of reflection
HPRegen  0.27/turn              D - ring of magical power
MPRegen  0.19/turn              (no ring)

@: very slow
A: permanent stasis, dig shafts and tunnels, four strong arms, antennae 3
a: Dig, Shaft Self, Renounce Religion, Bend Time, Temporal Distortion, Slouch,
Step From Time


You were on level 12 of the Dungeon.
You worshipped Cheibriados.
Cheibriados was exalted by your worship.
You visited 2 branches of the dungeon, and saw 13 of its levels.
You also visited: Bailey.

You collected 534 gold pieces.

Inventory:

Hand Weapons
 a - a +0 broad axe
 K - a +1 war axe of venom (weapon)
Missiles
 e - 158 sling bullets
 g - 22 poisoned darts
 l - 11 curare-tipped darts (quivered)
 m - 286 stones
 n - 131 bolts
 t - 398 arrows
Armour
 b - +0 acid dragon scales
 c - a +0 kite shield (worn)
 h - a scarf of resistance (worn)
 v - a +1 plate armour of willpower (worn)
 y - a +1 pair of boots (worn)
 z - a +2 ring mail of fire resistance
Jewellery
 u - an amulet of reflection (around neck)
 D - a ring of magical power (left hand)
 G - a +6 ring of strength {unknown}
Wands
 p - a wand of flame (10)
 A - a wand of enslavement (6)
 F - a wand of polymorph (9)
 P - a wand of iceblast (7)
Scrolls
 f - 5 scrolls of remove curse
 j - 5 scrolls of fog
 o - 4 scrolls of teleportation
 s - 2 scrolls of amnesia {unknown}
 x - a scroll of enchant armour {unknown}
 B - 2 scrolls of magic mapping
 E - a scroll of fear {unknown}
 H - 4 scrolls of identify
 L - a scroll of silence {unknown}
 N - a scroll of enchant weapon {unknown}
Potions
 d - a potion of might
 i - 2 potions of invisibility
 k - 11 potions of ambrosia
 q - 4 potions of mutation
 r - 4 potions of cancellation
 w - a potion of attraction
 C - a potion of brilliance
 I - a potion of berserk rage {unknown}
 J - a potion of degeneration {unknown}
 M - a potion of flight
 O - a potion of resistance
 R - 2 potions of haste {unknown}


   Skills:
 + Level 11.3 Fighting
 + Level 10.2 Axes
 + Level 11.3 Armour
 + Level 12.2 Shields
 + Level 4.4 Invocations
 + Level 4.0 Evocations


You had 12 spell levels left.
You didn't know any spells.
Your spell library contained the following spells:

 Spells                   Type           Power        Failure   Level
 Beastly Appendage        Tmut           0%           54%         1
 Summon Small Mammal      Summ           0%           54%         1
 Call Imp                 Summ           0%           69%         2
 Wereblood                Tmut           0%           69%         2
 Call Canine Familiar     Summ           0%           89%         3
 Confusing Touch          Hex            0%           89%         3
 Gell's Gravitas          Tloc           0%           89%         3
 Spider Form              Tmut/Pois      0%           89%         3
 Summon Guardian Golem    Hex/Summ       0%           89%         3
 Airstrike                Air            0%           100%        4
 Ice Form                 Ice/Tmut       0%           100%        4
 Petrify                  Tmut/Erth      0%           100%        4
 Summon Ice Beast         Ice/Summ       0%           100%        4
 Summon Lightning Spire   Summ/Air       0%           100%        4
 Blade Hands              Tmut           0%           100%        5
 Metabolic Englaciation   Hex/Ice        0%           100%        5
 Yara's Violent Unravell  Hex/Tmut       0%           100%        5
 Tornado                  Air            0%           100%        9


Dungeon Overview and Level Annotations

Branches:
Dungeon (12/15)            Temple (1/1) D:4            Lair (0/6) D:8
 Bailey (visited)
    Orc: D:9-12

Altars:
Ashenzari
Cheibriados
Dithmenos
Elyvilon
Fedhas
Gozag
Hepliaklqana
Kikubaaqudgha
Makhleb
Nemelex Xobeh
Okawaru
Qazlal
Ru
Sif Muna
Trog
Uskayaw
Vehumet
Wu Jian
Xom
Yredelemnul
Zin
The Shining One

Portals:
Abyss: D:8

Annotations:
D:8 2 transporters, Borgoz's ghost, novice HaFi
D:10 2 transporters, Yorgos's ghost, novice FoFi


Innate Abilities, Weirdness & Mutations

You cannot be hasted, slowed, berserked, paralysed or teleported.
You can dig through walls and to a lower floor.
Your four strong arms can wield two-handed weapons with a shield.
You have a pair of large antennae on your head. (SInv)


Message History

The ice dragon changes into a goliath frog!
You block the centaur's attack. The troll completely misses you.
You block the troll's attack. The troll barely misses you.
You slash the troll!
You kill the troll!
Cheibriados appreciates the change of pace.
You slash the centaur!
The centaur is poisoned.
The goliath frog changes into a wolf spider!
The centaur hits you.
* * * LOW HITPOINT WARNING * * *
The centaur closely misses you.
Your Evocations skill increases to level 4!
The wolf spider changes into an ice dragon!
You block the centaur's attack. x2
You slash the centaur!
You kill the centaur!
Cheibriados thoroughly appreciates the change of pace.
The ice dragon breathes frost at you. The blast of cold hits you! You resist.
You die...

{ #....#'#######
## #+###....#.##(#
#........#.##)+ .
#+###.####.##(# ..
#.#...B##$+ ... {
#.#.8..##[# ....
#.#....##!+ ...?.
#+###(####.##$#
#...@(...#.##|+
#+###..###.##?#
#)†#†#'##########
{#..(#..###.#.#.#.
{
#..D##.##........
#................
#####(#.####.).).
#(/†.......))
#######......


You could see an ice dragon shaped shifter (catching breath).

Vanquished Creatures
  Gastronok (D:8)
  A hydra (D:12)
  2 boulder beetles
  3 death yaks (D:8)
  An unseen horror (D:11)
  A manticore (Bailey)
  An ugly thing (D:11)
  A cyclops (D:11)
  A gargoyle (D:11)
  Maggie (D:6)
  A queen bee (D:11)
  A troll (D:12)
  A hornet (Bailey)
  Prince Ribbit (D:8)
  Sigmund (D:6)
  19 yaks
  A wraith (D:11)
  2 wyverns
  A basilisk (D:9)
  A vampire mosquito (D:12)
  6 orc warriors
  A phantom (D:9)
  A black bear (D:6)
  An eye of draining (D:11)
  6 ice beasts
  4 sky beasts
  3 ogres
  15 centaurs
  5 bullfrogs
  A wyvern skeleton (D:11)
  3 scorpions
  31 killer bees
  8 wights
  4 howler monkeys
  A bullfrog zombie (D:11)
  3 centaur zombies
  4 hounds
  A gnoll shaman (D:7)
  3 jellies (D:7)
  4 orc priests
  2 bullfrog skeletons
  7 orc wizards
  A centaur skeleton (D:11)
  Jessica (D:3)
  2 iguanas
  Ijyb (D:3)
  2 hell rats (D:8)
  10 worker ants
  A worker ant zombie (D:10)
  15 gnolls
  A howler monkey skeleton (D:7)
  9 adders
  A river rat (D:8)
  2 shadow imps
  4 white imps
  3 ufetubi
  3 oozes
  An adder zombie (D:7)
  2 adder skeletons
  4 worms
  5 dart slugs
  5 leopard geckos
  31 orcs
  A ball python (D:1)
  5 giant cockroaches
  5 goblins
  10 hobgoblins
  15 jackals
  18 kobolds
  8 quokkas
  10 bats
  6 frilled lizards
  A jackal skeleton (D:6)
  A jackal zombie (D:6)
  2 leopard gecko skeletons
  2 quokka skeletons
  6 rats
350 creatures vanquished.

Vanquished Creatures (others)
  10 plants
10 creatures vanquished.

Grand Total: 360 creatures vanquished

Notes
Turn   | Place    | Note
-------+----------+-------------------------------------------
     0 | D:1      | Yorgos the Formicid Fighter began the quest for the Orb.
     0 | D:1      | Reached XP level 1. HP: 18/18 MP: 1/1
    76 | D:1      | Reached XP level 2. HP: 10/24 MP: 2/2
   503 | D:1      | Reached XP level 3. HP: 25/29 MP: 3/3
   504 | D:1      | Reached skill level 4 in Shields
  1389 | D:2      | Reached XP level 4. HP: 37/37 MP: 4/4
  2186 | D:3      | Reached XP level 5. HP: 42/42 MP: 5/5
  2625 | D:3      | Noticed Jessica
  2633 | D:3      | Killed Jessica
  2668 | D:3      | Noticed Ijyb
  2690 | D:3      | Killed Ijyb
  3146 | D:3      | Reached XP level 6. HP: 49/49 MP: 6/6
  3764 | D:4      | Reached skill level 5 in Shields
  4077 | D:4      | Found a staircase to the Ecumenical Temple.
  4297 | D:4      | Reached XP level 7. HP: 52/55 MP: 7/7
  4594 | Temple   | Entered the Ecumenical Temple
  4695 | Temple   | Became a worshipper of Cheibriados the Contemplative
  4899 | D:5      | Entered Level 5 of the Dungeon
  4954 | D:5      | Reached skill level 5 in Fighting
  4954 | D:5      | Reached skill level 5 in Armour
  5037 | D:5      | Found a stormy altar of Qazlal.
  5398 | D:5      | Found a blossoming altar of Fedhas.
  5535 | D:6      | Reached skill level 6 in Shields
  5563 | D:6      | Reached * piety under Cheibriados
  5564 | D:6      | Reached XP level 8. HP: 27/63 MP: 8/8
  6106 | D:6      | Reached skill level 5 in Axes
  6507 | D:6      | Noticed Sigmund
  6523 | D:6      | Killed Sigmund
  6524 | D:6      | Reached skill level 7 in Shields
  6583 | D:6      | Noticed Maggie
  6603 | D:6      | Killed Maggie
  6604 | D:6      | Reached XP level 9. HP: 63/71 MP: 9/9
  7108 | D:7      | Reached ** piety under Cheibriados
  7127 | D:7      | Reached skill level 8 in Shields
  7847 | D:8      | Reached XP level 10. HP: 60/80 MP: 10/10
  7857 | D:8      | Found a flagged portal.
  7866 | Bailey   | Entered a bailey
  7938 | Bailey   | Reached *** piety under Cheibriados
  8156 | Bailey   | Noticed an orc knight
  8166 | Bailey   | Noticed a manticore
  8166 | Bailey   | an orc knight changed into a manticore
  8168 | Bailey   | Killed a manticore
  8169 | Bailey   | Reached skill level 9 in Shields
  8245 | Bailey   | Noticed an orc knight
  8246 | Bailey   | Found an iron altar of Okawaru.
  8252 | Bailey   | an orc knight changed into a hornet
  8526 | Bailey   | Identified Xikhopsu's Almanac of Supportive Lightness
  8619 | D:8      | Noticed a death yak
  8620 | D:8      | Noticed a death yak
  8622 | D:8      | Noticed a death yak
  8641 | D:8      | Killed a death yak
  8645 | D:8      | You fall into a shaft and drop 1 floor!
  9074 | D:9      | Reached **** piety under Cheibriados
  9110 | D:9      | Reached skill level 10 in Shields
  9115 | D:9      | Reached XP level 11. HP: 61/89 MP: 11/11
  9249 | D:8      | Noticed Gastronok
  9916 | D:8      | Reached ***** piety under Cheibriados
  9983 | D:8      | Noticed Borgoz's ghost (novice HaFi)
  9984 | D:8      | Found a one-way gate to the infinite horrors of the Abyss.
 10053 | D:8      | Found a transporter.
 10109 | D:8      | Found a staircase to the Lair.
 10182 | D:8      | Found a transporter.
 10187 | D:8      | Identified the +5 whip of Wounding {distort, *Contam Str-2
                  | Int+5 Stlth+}
 10262 | D:8      | Noticed Prince Ribbit
 10277 | D:8      | Killed Prince Ribbit
 10539 | D:8      | Killed Gastronok
 10540 | D:8      | Reached skill level 10 in Fighting
 10540 | D:8      | Reached skill level 10 in Armour
 10706 | D:8      | Killed a death yak
 10707 | D:8      | Reached skill level 11 in Shields
 10712 | D:8      | Killed a death yak
 11176 | D:10     | Entered Level 10 of the Dungeon
 11198 | D:10     | Noticed a boulder beetle
 11218 | D:10     | Killed a boulder beetle
 11417 | D:10     | Noticed an ettin
 11417 | D:10     | Noticed Yorgos's ghost (novice FoFi)
 11437 | D:10     | Found a transporter.
 11449 | D:10     | Reached XP level 12. HP: 89/98 MP: 12/12
 11452 | D:10     | Found a transporter.
 11675 | D:11     | Noticed an unseen horror
 11689 | D:11     | Killed an unseen horror
 11690 | D:11     | Reached skill level 1 in Invocations
 11708 | D:11     | Reached skill level 1 in Evocations
 11884 | D:11     | Reached ****** piety under Cheibriados
 12278 | D:11     | Noticed a boulder beetle
 12287 | D:11     | Killed a boulder beetle
 12416 | D:11     | Reached skill level 10 in Axes
 12441 | D:11     | Reached skill level 12 in Shields
 12959 | D:12     | Noticed an eight-headed hydra
 12962 | D:12     | Noticed a goliath frog
 12969 | D:12     | Noticed a spark wasp
 12978 | D:12     | Noticed a five-headed hydra
 12978 | D:12     | a spark wasp changed into a five-headed hydra
 12980 | D:12     | Killed a 15-headed hydra
 12981 | D:12     | Reached XP level 13. HP: 18/106 MP: 16/16
 12981 | D:12     | Noticed an ice dragon
 12981 | D:12     | a five-headed hydra changed into an ice dragon
 12999 | D:12     | Noticed an entropy weaver
 13000 | D:12     | an entropy weaver changed into a queen ant
 13011 | D:12     | HP: 4/106 [troll (4)]
 13013 | D:12     | Noticed an entropy weaver
 13014 | D:12     | Noticed a fire dragon
 13014 | D:12     | an entropy weaver changed into a fire dragon
 13015 | D:12     | Noticed an ice dragon
 13015 | D:12     | a fire dragon changed into an ice dragon
 13017 | D:12     | an ice dragon changed into a goliath frog
 13019 | D:12     | Noticed an ice dragon
 13019 | D:12     | a wolf spider changed into an ice dragon
 13021 | D:12     | Killed from afar by an ice dragon (glowing shapeshifter)

Illustrated notes

Levels and vault maps discovered:
D:1:      dpeg_arrival_water_temple_mockup, layout_basic, minmay_split_cup_small
D:2:      layout_basic, amcnicky_mini_pool_small
D:3:      layout_basic, serial_aquarium, aquarium_bridge_island_small
          [aquarium_subvault_small_open, aquarium_subvault_bridge,
          aquarium_subvault_bridge, aquarium_subvault_bridge,
          aquarium_subvault_balcony], aquarium_bridge_straight
          [aquarium_subvault_bridge, aquarium_subvault_wall,
          aquarium_subvault_bridge, aquarium_subvault_wall], aquarium_window_2,
          aquarium_window_1, aquarium_view_2d, aquarium_view_2e,
          aquarium_balcony_double_2, aquarium_pool_corner, uniq_jessica,
          uniq_ijyb
D:4:      layout_loops_ring, minmay_temple_entry_overgrown, serial_bayou,
          serial_bayou_lake_a, serial_bayou_ford_a, serial_bayou_pond_d,
          serial_bayou_pond_b
D:5:      layout_rooms, fedhas_altar_4, grunt_qazlal_sundering
D:6:      layout_cave_pods, hangedman_decor_opposing, minmay_bent, uniq_maggie,
          uniq_sigmund
D:7:      layout_gridville
D:8:      layout_cave_pods, dpeg_lair_monsters, gammafunk_ghost_abyssal_escape,
          enter_bailey_6, uniq_gastronok, uniq_prince_ribbit1
D:9:      minmay_skewed_foursquare, layout_gridville
D:10:     layout_rooms, gammafunk_ghost_arena
D:11:     layout_roguey [special_room_bee]
D:12:     wad_statue_garden, layout_rooms, david_orc_5, uniq_azrael
Temple:   kilobyte_greek_temple

Skill      XL: |  1  2  3  4  5  6  7  8  9 10 11 12 13 |
---------------+----------------------------------------+-----
Shields        | 4 5 6 7 8 10 11 12 | 12.2
Fighting       | 4 5 6 7 9 10 11 | 11.3
Armour         | 4 5 6 7 9 10 11 | 11.3
Axes           | 3 4 5 6 8 9 10 | 10.2
Invocations    | 4 |  4.4
Evocations     | 3 4 |  4.0

Action                   |  1- 3 |  4- 6 |  7- 9 | 10-12 | 13-15 || total
-------------------------+-------+-------+-------+-------+-------++-------
Melee: War axe           |    97 |   210 |   281 |   376 |    14 ||   978
       Broad axe         |       |       |    21 |   149 |       ||   170
Throw: Dart              |       |       |    14 |    25 |       ||    39
 Abil: Dig               |       |     2 |     2 |     6 |     1 ||    11
       Shaft Self        |       |       |       |     1 |       ||     1
Evoke: Wand              |       |       |     1 |     4 |       ||     5
  Use: Potion            |       |     3 |       |     4 |     3 ||    10
       Scroll            |       |       |    13 |       |       ||    13
 Stab: Invisible         |       |     1 |       |       |       ||     1
Armor: Scale mail        |    53 |    85 |       |       |       ||   138
       Ring mail         |       |       |    76 |    10 |       ||    86
       Plate armour      |       |       |       |   185 |    20 ||   205
Dodge: Dodged            |    48 |    70 |    99 |   144 |    22 ||   383
Block: Kite shield       |    56 |   121 |   281 |   710 |    60 ||  1228
       Reflection        |       |       |     5 |   104 |     4 ||   113
